 Dungeon Sprint DCSS version 0.22.1-1-ga44c0e56f4 (webtiles) character file.

5 MuseOD the Sneak (level 3, -2/25 (28) HPs)
             Began as a Spriggan Enchanter on Sept 25, 2018.
             Was a Believer of Dithmenos.
             Slain by a phantom (6 damage)
             ... in the Dungeon (Sprint VI: "Thunderdome").
             The game lasted 00:02:36 (321 turns).

MuseOD the Sneak (Spriggan Enchanter)                Turns: 321, Time: 00:02:36

HP:   -2/25 (28)    AC:  2    Str:  9    XL:     3   Next: 33%
MP:   0/8           EV: 18    Int: 17    God:    Dithmenos [**....]
Gold: 210           SH:  0    Dex: 16    Spells: 1/7 levels left

rFire    . . .     SeeInvis +   a - +1 dagger
rCold    . . .     Gourm    .   (shield restricted)
rNeg     . . .     Faith    .   b - +0 robe
rPois    .         Spirit   .   (helmet restricted)
rElec    .         Reflect  .   (no cloak)
rCorr    .         Harm     .   (gloves unavailable)
MR       .....     NoTele   +   (boots unavailable)
Stlth    ..........             (no amulet)
HPRegen  0.08/turn              (no ring)
MPRegen  0.11/turn              (no ring)

@: berserking, wreathed by umbra, very quick
A: very small, unfitting armour, see invisible, herbivore, speed 3, slow
metabolism 2
a: Shadow Step, Renounce Religion


You were in the Dungeon.
You worshipped Dithmenos.
Dithmenos was pleased with you.
You were not hungry.

You visited 1 branch You collected 210 gold pieces.

Inventory:

Hand Weapons
 a - a +1 dagger (weapon)
Armour
 b - a +0 robe (worn)
Wands
 k - a wand of acid (4)
 l - a wand of iceblast (4)
Scrolls
 j - 4 scrolls of blinking
 m - 3 scrolls of fog
Potions
 c - a potion of resistance
 e - a potion of curing
 f - 4 potions of heal wounds
 g - 4 potions of haste
 h - a potion of magic
Comestibles
 d - a ration


   Skills:
 + Level 2.4 Fighting
 * Level 5.2 Short Blades
 - Level 3.0 Dodging
 + Level 6.8 Stealth
 - Level 2.6 Spellcasting
 - Level 3.6 Hexes


You had one spell level left.
You knew the following spells:

 Your Spells              Type           Power        Failure   Level  Hunger
a - Corona                Hex            ##.....      4%          1    #......
b - Ensorcelled Hibernat  Hex/Ice        #.....       13%         2    ##.....
c - Confuse               Hex            ##......     12%         3    ###....

Your spell library contained the following spells:

 Spells                   Type           Power        Failure   Level  Hunger
 Tukima's Dance           Hex            ##......     12%         3    ###....
 Dazzling Spray           Conj/Hex       #.....       26%         3    ###....


Dungeon Overview and Level Annotations

Branches:
Dungeon (1/1)

Altars:
Cheibriados
Dithmenos
Fedhas
Gozag
Kikubaaqudgha
Makhleb
Okawaru
Qazlal
Ru
Sif Muna
Trog
Uskayaw
Vehumet
Wu Jian
Xom
Yredelemnul
Zin
The Shining One
Beogh
Jiyva
Lugonu

Shops:
D *[%??*?*:[((!!!!


Innate Abilities, Weirdness & Mutations

You are very small and have problems with some larger weapons.
You are too small for most types of armour.
You have supernaturally acute eyesight. (SInv)
You are a herbivore.
You cover ground extremely quickly.
You need to consume almost no food.


Message History

You puncture the necrophage!
The necrophage is heavily damaged.
The necrophage closely misses you.
You hit the necrophage.
The necrophage is severely damaged.
The phantom hits you.
* * * LOW HITPOINT WARNING * * *
You barely miss the necrophage.
The necrophage is severely damaged. 20...
The necrophage closely misses you. The phantom hits you.
* * * LOW HITPOINT WARNING * * *
You barely miss the necrophage.
The necrophage is severely damaged.
You hit the necrophage.
The necrophage is almost destroyed.
The necrophage hits you.
* * * LOW HITPOINT WARNING * * *
You feel your flesh rotting away! The phantom hits you.
You die...

#.....# ##.....## ##∩.....∩##
#∩.......∩# #_......._#
#_......._# #_......._#
###.........###
#⌠.@.........⌠#
######.8nW.......8.######
##∩___......###......__.∩#
###∩........8.# #.8........∩
##.............###...........
#⌠..........###...###........
#⌠..........# #.<.# #........
#⌠..........###...###........
##.............###...........


You could see a phantom and a necrophage.

Vanquished Creatures
  A worker ant (D)
  An adder zombie (D)
  2 worms (D)
  A bat skeleton (D)
  A bat zombie (D)
  A quokka (D)
  A quokka skeleton (D)
8 creatures vanquished.

Notes
Turn   | Place    | Note
-------+----------+-------------------------------------------
     0 | D        | MuseOD the Spriggan Enchanter began the quest for the Orb.
     0 | D        | Reached XP level 1. HP: 9/9 MP: 5/5
     1 | D        | Found a viscous altar of Jiyva.
     5 | D        | Found a blossoming altar of Fedhas.
     6 | D        | Found a stormy altar of Qazlal.
     7 | D        | Found Ahyan's Do-It-Yourself Clinic.
     7 | D        | Found a roughly hewn altar of Beogh.
     7 | D        | Found a basalt altar of Yredelemnul.
     7 | D        | Found Zuchiong's Distillery.
     8 | D        | Found Nytuikage's Bottled Wisdom.
     8 | D        | Found Kuiji's Distillery.
     9 | D        | Round 1.
    11 | D        | Found a shadowy altar of Dithmenos.
    12 | D        | Found an ancient bone altar of Kikubaaqudgha.
    13 | D        | Found a snail-covered altar of Cheibriados.
    14 | D        | Found Siorer's Staff Store.
    15 | D        | Found Wazeng's Must-Have Magic.
    15 | D        | Found Qaes's Magic Scroll Shop.
    19 | D        | Became a worshipper of Dithmenos the Shadowed
    20 | D        | Found a corrupted altar of Lugonu.
    20 | D        | Found an iron altar of Okawaru.
    20 | D        | Found a burning altar of Makhleb.
    20 | D        | Found Finakk's Magic Scroll Shop.
    24 | D        | Found a deep blue altar of Sif Muna.
    25 | D        | Found an ornate altar of the Wu Jian Council.
    26 | D        | Found a glowing golden altar of the Shining One.
    27 | D        | Found Doheadastra's Delicious Food.
    28 | D        | Found Viarphoyl's Jewellery.
    28 | D        | Found Xext's Advanced Armour.
    28 | D        | Found a hide-covered altar of Uskayaw.
    28 | D        | Found a sacrificial altar of Ru.
    28 | D        | Found a glowing silver altar of Zin.
    28 | D        | Found Zocvefeg's Identification Station.
    75 | D        | Noticed a worker ant
    85 | D        | Killed a worker ant
    85 | D        | Reached skill level 6 in Stealth
    85 | D        | Reached XP level 2. HP: 13/15 MP: 6/6
    90 | D        | Learned a level 2 spell: Ensorcelled Hibernation
   108 | D        | Reached * piety under Dithmenos
   108 | D        | Reached XP level 3. HP: 17/18 MP: 5/8
   115 | D        | Found a radiant altar of Vehumet.
   126 | D        | Found a bloodstained altar of Trog.
   131 | D        | Found a shimmering altar of Xom.
   131 | D        | Found an opulent altar of Gozag.
   134 | D        | Found Sioragh's Premium Goods.
   134 | D        | Found Garrunuw's Weapon Rack.
   137 | D        | Found Beotsep's Miscellaneous Merchandise.
   137 | D        | Found Faim's Basic Armour.
   176 | D        | Arena points: 5 (+5) [x1]
   194 | D        | Round 2.
   212 | D        | Learned a level 3 spell: Confuse
   249 | D        | Noticed a necrophage
   255 | D        | Reached ** piety under Dithmenos
   255 | D        | Reached skill level 5 in Short Blades
   264 | D        | Noticed a phantom
   321 | D        | Slain by a phantom

Skill      XL: |  1  2  3 |
---------------+----------+-----
Fighting       | 2 |  2.4
Short Blades   | 4 5 |  5.2
Stealth        | 6 |  6.8
Dodging        | |  3.0
Spellcasting   | |  2.6
Hexes          | |  3.6

Action                   || total
-------------------------++-------
Melee: Dagger            ||    68
 Cast: Ensorcelled Hiber ||     4
       Confuse           ||     6
Evoke: Wand              ||     2
  Use: Potion            ||     2
 Stab: Sleeping          ||     1
Armor: Robe              ||     5
Dodge: Dodged            ||    70
